 Dungeon Crawl Stone Soup version 0.32-a0-30-gefbe487952 (webtiles) character file.

Game seed: 3367594975776222515

1218 p00ps00p the Chopper (level 8, 0/71 HPs)
             Began as a Hill Orc Fighter on Jan 19, 2024.
             Killed from afar by an electric eel (11 damage)
             ... with a bolt of electricity
             ... on level 6 of the Dungeon.
             The game lasted 00:07:08 (5565 turns).

p00ps00p the Chopper (Hill Orc Fighter)             Turns: 5565, Time: 00:07:08

Health: 0/71       AC:  9    Str: 21    XL:     8   Next: 46%
Magic:  8/8        EV:  9    Int:  8    God:
Gold:   273        SH:  5    Dex: 10    Spells: 7/7 levels left

rFire   . . .        a - +3 war axe
rCold   . . .        c - +0 buckler
rNeg    . . .        b - +0 scale mail
rPois   .            (no helmet)
rElec   .            (no cloak)
rCorr   .            (no gloves)
SInv    .            m - +0 pair of boots
Will    .....        h - amulet of magic regeneration Stlth
                     (no ring)
HPRegen 0.31/turn    (no ring)
MPRegen 0.51/turn

%: no passive effects
@: very slow
A: no striking features
a: no special abilities


You were on level 6 of the Dungeon.
You visited 2 branches of the dungeon, and saw 7 of its levels.

You collected 273 gold pieces.

Inventory:

Hand Weapons
 a - a +3 war axe (weapon)
Missiles
 r - a throwing net (quivered)
 s - 4 poisoned darts
Armour
 b - a +0 scale mail (worn)
 c - a +0 buckler (worn)
 m - a +0 pair of boots (worn)
Jewellery
 h - an amulet of magic regeneration (around neck)
 q - a ring of magical power
Wands
 n - a wand of roots (11)
 t - a wand of polymorph (9)
Scrolls
 e - 3 scrolls of teleportation
Potions
 d - 3 potions of might
 f - a potion of mutation
 g - a potion of brilliance
 i - a potion of enlightenment {unknown}
 j - a potion of degeneration {unknown}
 k - a potion of curing
 l - a potion of invisibility {unknown}
 o - 3 potions of heal wounds {unknown}
 p - a potion of resistance {unknown}


   Skills:
 + Level 6.9 Fighting
 + Level 6.9 Axes
 + Level 6.4 Armour
 + Level 6.3 Shields


You had 7 spell levels left.
You didn't know any spells.
Your spell library contained the following spells:

 Spells                   Type           Power      Damage    Failure   Level
 Magic Dart               Conj           0%         1d3       78%         1
 Searing Ray              Conj           0%         2d4       89%         2
 Fulminant Prism          Conj/Alch      0%         3d5       100%        4


Dungeon Overview and Level Annotations

Branches:
Dungeon (6/15)             Temple (1/1) D:4

Altars:
Ashenzari
Cheibriados
Dithmenos
Elyvilon
Fedhas
Kikubaaqudgha
Makhleb
Nemelex Xobeh
Qazlal
Sif Muna
Uskayaw
Vehumet
Wu Jian
Yredelemnul

Shops:
D:5 [!(

Annotations:
D:5 2 transporters, Zirtrex's ghost, amateur BaEE


Message History

You completely miss the gnoll. The gnoll hits you but does no damage.
You slash the gnoll!
The gnoll is almost dead.
The gnoll hits you with a +0 whip.
You slice the gnoll!!
You kill the gnoll!
No target in view!
No target in view!
No target in view!
No target in view!
HP restored.
You enter the shallow water.
Moving in this stuff is going to be slow.
The electric eel shoots out a bolt of lightning at you!
The bolt of electricity hits you!
An electric eel is nearby!
Why would you want to do that?
The electric eel shoots out a bolt of lightning at you!
The bolt of electricity hits the electric eel.
The electric eel completely resists.
The bolt of electricity hits you.
The electric eel shoots out a bolt of lightning at you!
The bolt of electricity misses you.
The electric eel shoots out a bolt of lightning at you!
The bolt of electricity hits you!
The electric eel shoots out a bolt of lightning at you!
The bolt of electricity hits you!
The electric eel shoots out a bolt of lightning at you!
The bolt of electricity hits you.
The electric eel shoots out a bolt of lightning at you!
The bolt of electricity hits you!
The bolt of electricity hits the plant!
The plant begins to die.
The electric eel shoots out a bolt of lightning at you!
The bolt of electricity hits you!
* * * LOW HITPOINT WARNING * * *
The electric eel shoots out a bolt of lightning at you!
The bolt of electricity hits you!
* * * LOW HITPOINT WARNING * * *
The electric eel shoots out a bolt of lightning at you!
The bolt of electricity hits you!
You die...

~≈≈≈≈S≈≈≈~P♣
♣♣♣~≈≈≈≈≈≈≈~~♣♣#####
♣~P≈~≈≈≈≈S≈~~~......
♣~≈≈≈≈≈≈≈≈~♣♣♣#####
♣~~~≈≈≈≈≈~~~
♣♣~≈≈≈≈≈≈~~~~
♣~~~≈≈~≈≈~P~♣.
♣♣P~~≈~~~~♣♣♣..
♣♣@♣~~PP~~P~ ..
♣~~P~~~~~P~~ ..
#♣P~♣~P~P~♣
#P~~~P~P~♣...#
#~♣~PPP~~....#
##~~~~~♣P....#
#.♣~♣♣~#....# #.#♣♣♣
#....# #####....#
#....#


You could see an electric eel.

Vanquished Creatures
  Pikel (D:5)
  4 lemures (D:4)
  2 phantoms
  An electric eel (D:6)
  An orc priest (D:5)
  2 jellies
  A bombardier beetle (D:4)
  A hound (D:6)
  2 gnoll boudas
  2 iguanas
  2 orc wizards
  4 adders
  9 gnolls
  A shadow imp (D:6)
  2 white imps (D:6)
  2 ufetubi (D:6)
  6 dart slugs
  4 ribbon worms
  8 orcs
  7 ball pythons
  7 bats
  5 endoplasms
  3 giant cockroaches (D:4)
  11 goblins
  6 hobgoblins
  3 jackals (D:3)
  8 quokkas
  3 frilled lizards
  5 kobolds
  3 rats
116 creatures vanquished.

Notes
Turn   | Place    | Note
-------+----------+-------------------------------------------
     0 | D:1      | p00ps00p the Hill Orc Fighter began the quest for the Orb.
     0 | D:1      | Reached XP level 1. HP: 19/19 MP: 1/1
    63 | D:1      | Reached XP level 2. HP: 20/27 MP: 2/2
   386 | D:1      | Reached XP level 3. HP: 33/33 MP: 3/3
  1391 | D:3      | Reached XP level 4. HP: 36/41 MP: 4/4
  1816 | D:3      | Reached XP level 5. HP: 47/47 MP: 5/5
  2372 | D:4      | Found a staircase to the Ecumenical Temple.
  2373 | D:4      | Noticed a phantom
  2388 | D:4      | Killed a phantom
  2389 | D:4      | Reached XP level 6. HP: 46/55 MP: 6/6
  2393 | Temple   | Entered the Ecumenical Temple
  2463 | D:4      | Reached skill level 5 in Fighting
  2825 | D:4      | Found a glowing drain.
  2927 | D:5      | Entered Level 5 of the Dungeon
  2927 | D:5      | Noticed Pikel
  3650 | D:5      | Killed Pikel
  3651 | D:5      | Reached skill level 5 in Armour
  3651 | D:5      | Reached skill level 5 in Shields
  3651 | D:5      | Reached XP level 7. HP: 31/63 MP: 7/7
  3789 | D:5      | Found a shadowy altar of Dithmenos.
  3801 | D:5      | Found Tauxeah's Antique Armour Shop.
  3801 | D:5      | Found Motuikyu's Distillery.
  3801 | D:5      | Found Somu's Antique Weapon Shop.
  3853 | D:5      | Reached XP level 8. HP: 70/70 MP: 8/8
  4318 | D:5      | Found a transporter.
  4389 | D:5      | Found a transporter.
  4406 | D:5      | Noticed Zirtrex's ghost (amateur BaEE)
  5565 | D:6      | Killed from afar by an electric eel

Illustrated notes

Levels and vault maps discovered:
D:1:      orjb1_clovarrival, layout_rooms, hangedman_glass_teeth,
          amethyst_killhole
D:2:      kennysheep_big_flooded_room, layout_basic
D:3:      layout_basic
D:4:      layout_cave_pools, temple_green, portal_sewer_entry_b, minmay_between
D:5:      layout_basic, grunt_dithmenos_shadows, gammafunk_ghost_stat_death,
          nicolae_wooded_promenade, uniq_pikel
D:6:      layout_basic, serial_bayou_lake_a
Temple:   compressed_dpeg_triangle_lava_temple

Skill      XL: |  1  2  3  4  5  6  7  8 |
---------------+-------------------------+-----
Axes           | 3 4 6 |  6.9
Fighting       | 4 6 |  6.9
Armour         | 4 5 6 |  6.4
Shields        | 4 5 6 |  6.3

Action                     |  1- 3 |  4- 6 |  7- 9 || total
---------------------------+-------+-------+-------++-------
  Melee: War axe           |   102 |   137 |    97 ||   336
    Use: Scroll            |     5 |     7 |     3 ||    15
         Potion            |       |       |     3 ||     3
 Armour: Scale mail        |    78 |    99 |    96 ||   273
  Dodge: Dodged            |    58 |    68 |    31 ||   157
  Block: Buckler           |    19 |    32 |    39 ||    90

Table legend: (Time is in decaauts)
 A = Elapsed time spent in this place.
 B = Non-inter-level travel time spent in this place.
 C = Inter-level travel time spent in this place.
 D = Time resting spent in this place.
 E = Time spent auto-exploring this place.
 F = Levels seen in this place.
 G = Mean time per level.
                   A        B        C        D        E       F      G
               +--------+--------+--------+--------+--------+-----+--------+
         Total |   5697 |   5422 |    275 |   1159 |   3283 |   7 |  813.9 |
       Dungeon |   5656 |   5393 |    263 |   1159 |   3283 |   6 |  942.7 |
        Temple |     40 |     28 |     12 |      0 |      0 |   1 |   40.0 |
               +--------+--------+--------+--------+--------+-----+--------+

Top non-repeatable levels by time:
     D:4: 1453 daAuts
     D:6: 1099 daAuts
     D:5: 867 daAuts
     D:2: 866 daAuts
     D:3: 850 daAuts
     D:1: 519 daAuts
  Temple: 40 daAuts
